 Dungeon Crawl Stone Soup version 0.17-a0-522-ga839ce3 (webtiles) character file.

149 Sixotanaka the Grave Robber (level 5, -6/35 HPs)
             Began as a Vampire Necromancer on Apr 11, 2015.
             Mangled by a scorpion (7 damage)
             ... on level 4 of the Dungeon.
             The game lasted 00:06:49 (3640 turns).

Sixotanaka the Grave Robber (Vampire Necromancer)   Turns: 3640, Time: 00:06:49

Health: -6/35      AC:  3    Str:  7    XL:     5   Next: 9%
Magic:  3/8        EV: 12    Int: 19    God:
Gold:   164        SH:  0    Dex: 14    Spells: 2 memorised, 6 levels left

rFire  . . .     SeeInvis +     t - +0 blowgun
rCold  + + .     Clarity  .     a - +0 robe
rNeg   + + +     SustAb   +     (no shield)
rPois  +         Gourm    .     (no helmet)
rElec  .         Spirit   .     (no cloak)
rCorr  .         Warding  .     u - +0 pair of gloves
rMut   .         Stasis   .     (no boots)
MR     .....                    (no amulet)
Stlth  +++.......               (no ring)
                                o - ring of sustain abilities

@: lethally poisoned (-6 -> -15), regenerating slowly, not resistant to hostile
enchantments, fairly stealthy
A: fangs 3, see invisible, unbreathing
a: Bat Form


You were on level 4 of the Dungeon.
You were near bloodless.

You visited 1 branch of the dungeon, and saw 4 of its levels.

You collected 164 gold pieces.


Innate Abilities, Weirdness & Mutations

You heal slowly.
You have razor-sharp teeth.
You have supernaturally acute eyesight.
You can survive without breathing.


   Skills:
 - Level 2.1 Dodging
 - Level 3.0 Stealth
 - Level 2.0 Spellcasting
 + Level 7.1 Necromancy


You had 6 spell levels left.
You knew the following spells:

 Your Spells              Type           Power        Failure   Level  Hunger
y - Animate Skeleton      Necr           N/A          1%          1    #......
z - Pain                  Necr           ####         1%          1    #......


Dungeon Overview and Level Annotations

Branches:
Dungeon (4/15)
 Temple: D:4-7

Altars:

Shops:
D:4 *

Inventory:

Hand weapons
 i - a +0 spear
 t - a +0 blowgun (weapon)
 v - a cursed -3 dagger
Missiles
 d - 132 stones
 l - 45 poisoned needles (quivered)
Armour
 a - a +0 robe (worn)
 m - a +0 leather armour
 u - a +0 pair of gloves (worn)
Jewellery
 o - a ring of sustain abilities (left hand)
Scrolls
 e - 3 scrolls of remove curse {unknown}
 f - a scroll of fear {unknown}
 g - 2 scrolls of enchant armour {unknown}
 j - 5 scrolls of identify {unknown}
 k - a scroll of enchant weapon {unknown}
 n - a scroll of noise {unknown}
 s - a scroll of recharging {unknown}
Potions
 c - 4 potions of blood
 h - a potion of curing {unknown}
 p - a potion of poison {unknown}
 q - a potion of heal wounds {unknown}
Books
 b - a book of Necromancy
 r - a book of Party Tricks

...###) ...# .#####.#...
#... #.>....... #..#
.#........## #..#
...........## #).#
#.........# ####..#
#####.###.####..(..%
....######g# #.((.#.#†(..
........@s.######(.(#<...
..#######KZ(((..(..#.....
##.#######....... #.#
#........ #.# #..##.>...
#.( ..##...... #<. #.#
#.#.##. #..# . #.#.##.
#.. #.###


You could see a scorpion, a gnoll, a kobold and a friendly gnoll skeleton.


Message History

You are very lightly contaminated with residual magic.
You shiver with cold.
The gnoll throws a stone.
The stone hits you.
You start resting.
Casting: Animate Skeleton
Aiming: Pain
Aim: a gnoll, wielding a spear of flaming (chance 89%)
The gnoll convulses in agony!
The gnoll throws a stone.
The stone hits you but does no damage.
The gnoll throws a stone.
The stone closely misses you.
Casting: Pain
Aiming: Pain
Aim: a gnoll, wielding a spear of flaming (moderately wounded, chance 89%)
The gnoll convulses in agony!
Drink which item? (? for menu, Esc to quit)
Okay, then.
One of your 5 potions of blood rots away.
A kobold comes into view. It is wielding a short sword.
The kobold shouts!
The kobold unwields an uncursed short sword.
The kobold wields a blowgun.
The kobold shoots a poisoned needle.
The poisoned needle hits you!
You are poisoned.
You see here a poisoned needle.
The gnoll throws a stone.
The stone barely misses you.
The gnoll throws a stone.
The stone hits your gnoll skeleton.
The gnoll throws a stone.
The stone hits your gnoll skeleton but does no damage.
You see here a stone.
The gnoll throws a stone.
The stone hits your gnoll skeleton.
Your magical contamination has completely faded away.
Found a stone staircase leading down.
A scorpion comes into view.
The scorpion moves out of view.
Found a spear.
You feel sick.
Found 2 throwing nets.
Found a stone staircase leading up.
Wield which item (- for none, * to show all)? (? for menu, Esc to quit)
t - a +0 blowgun (weapon)
You feel sick.
Aim: a scorpion (hasn't noticed you)
You shoot a poisoned needle.
The poisoned needle completely misses the scorpion.
Aim: a scorpion You shoot a poisoned needle.
The poisoned needle barely misses the scorpion.
Aim: a scorpion You shoot a poisoned needle.
The poisoned needle barely misses the scorpion.
The scorpion closely misses you.
The gnoll hits you from afar with a spear of flaming.
* * * LOW HITPOINT WARNING * * *
The gnoll burns you.
* * * LOW HITPOINT WARNING * * *
The kobold shoots a poisoned needle.
The poisoned needle hits your gnoll skeleton!
Your gnoll skeleton closely misses the scorpion.
Aim: a gnoll, wielding a spear of flaming (heavily wounded)
You shoot a poisoned needle.
The poisoned needle barely misses the scorpion.
The poisoned needle hits the gnoll!
The gnoll is poisoned.
The scorpion stings you but does no damage.
Your gnoll skeleton hits the scorpion.
The gnoll hits you from afar with a spear of flaming!
* * * LOW HITPOINT WARNING * * *
The gnoll burns you.
* * * LOW HITPOINT WARNING * * *
Aim: a gnoll, wielding a spear of flaming (severely wounded, poisoned)
You shoot a poisoned needle. The poisoned needle hits the scorpion!
The scorpion is poisoned.
The scorpion stings you!
You die...

Action                   |  1- 3 |  4- 6 || total
-------------------------+-------+-------++-------
Melee: Unarmed           |     1 |       ||     1
       Spear             |     7 |       ||     7
 Fire: Blowgun           |       |     5 ||     5
Throw: Stone             |     5 |       ||     5
 Cast: Pain              |    79 |    27 ||   106
       Animate Skeleton  |     5 |     2 ||     7
  Use: Potion            |     3 |       ||     3
 Stab: Sleeping          |     1 |       ||     1

Vault maps used:
D:1:      dpeg_arrival_three_smaller_balls
D:3:      nicolae_overflow_hidden_temple, first_bread
D:4:      black_bear_nest_1, serial_shops, nicolae_shop_trees

Notes
Turn   | Place    | Note
--------------------------------------------------------------
     0 | D:1      | Sixotanaka, the Vampire Necromancer, began the quest for the Orb.
     0 | D:1      | Reached XP level 1. HP: 13/13 MP: 3/3
   411 | D:1      | Reached XP level 2. HP: 17/19 MP: 1/5
   500 | D:1      | Reached skill level 5 in Necromancy
  1126 | D:2      | Reached XP level 3. HP: 16/24 MP: 3/6
  2326 | D:3      | Learned a level 1 spell: Animate Skeleton
  2927 | D:3      | Reached skill level 6 in Necromancy
  2994 | D:3      | Reached XP level 4. HP: 18/30 MP: 2/7
  3593 | D:4      | Found Migab's General Store.
  3598 | D:4      | Reached skill level 7 in Necromancy
  3598 | D:4      | Reached XP level 5. HP: 24/35 MP: 5/8
  3639 | D:4      | HP: 4/35 [gnoll/spear of flaming (7)]
  3639 | D:4      | HP: 1/35 [gnoll/spear of flaming (3)]
  3640 | D:4      | Mangled by a scorpion

Vanquished Creatures
  An orc wizard (D:3)
  3 adders
  2 gnolls (D:4)
  A worm (D:3)
  3 giant geckos
  2 oozes
  4 orcs (D:3)
  2 giant cockroaches
  6 goblins
  5 hobgoblins
  4 jackals (D:3)
  A ball python (D:3)
  7 bats
  A giant newt (D:2)
  5 kobolds
  A quokka (D:2)
  4 rats
52 creatures vanquished.

Vanquished Creatures (collateral kills)
  An adder (D:3)
1 creature vanquished.

Vanquished Creatures (others)
  A ball python skeleton (D:3)
  A hobgoblin skeleton (D:3)
  A jackal skeleton (D:3)
  A kobold skeleton (D:3)
4 creatures vanquished.

Grand Total: 57 creatures vanquished
